 Dungeon Crawl Stone Soup version 0.14-a0-2888-g61d0ccb (webtiles) character file.

308 GeneKelly the Shooter (level 4, -2/32 HPs)
             Began as a Demonspawn Arcane Marksman on Mar 1, 2014.
             Slain by Sigmund
             ... wielding a +1,+2 scythe
              (16 damage)
             ... on Level 3 of the Dungeon.
             The game lasted 00:08:38 (1993 turns).

GeneKelly the Shooter (Demonspawn Arcane Marksman)  Turns: 1993, Time: 00:08:38

HP  -2/32        AC  3     Str 12      XL: 4   Next: 57%
MP   1/7         EV 12     Int 14      God:
Gold 201         SH  0     Dex 13      Spells:  2 memorised,  4 levels left

rFire  . . .     SeeInvis .     b - +0 bow
rCold  . . .     Clarity  .     a - +0 robe
rNeg   . . .     Conserve .     (no shield)
rPois  .         rCorr    .     (no helmet)
rElec  .         rRot     .     (no cloak)
SustAb . .       Spirit   .     (no gloves)
rMut   .         Warding  .     (no boots)
Saprov . . .     Stasis   .     (no amulet)
MR     .....                    (no ring)
                                (no ring)

@: not resistant to hostile enchantments, unstealthy
A: rugged brown scales 1, demonic guardian 1
a: no special abilities


You were on level 3 of the Dungeon.
You were not hungry.

You visited 1 branch of the dungeon, and saw 3 of its levels.

You collected 201 gold pieces.

Inventory:

Hand weapons
 b - a +0,+0 bow (weapon)
 m - a +0,+0 dagger
 y - a +1,+0 vampiric whip
Missiles
 c - 31 arrows (quivered)
Armour
 a - a +0 robe (worn)
Comestibles
 f - 4 bread rations
 C - a meat ration
Scrolls
 e - 3 scrolls of identify {unknown}
 g - 4 scrolls of remove curse {unknown}
 i - a scroll of blinking {unknown}
 k - a scroll of enchant weapon I {unknown}
 l - a scroll of noise {unknown}
 p - a scroll of fear {unknown}
 t - 2 scrolls of magic mapping {unknown}
 u - a scroll of teleportation {unknown}
 v - 2 scrolls of fog {unknown}
 w - 2 scrolls of curse weapon {unknown}
 x - a scroll of immolation {unknown}
 A - a scroll of enchant weapon II {unknown}
 D - a scroll of curse jewellery {unknown}
Potions
 h - a potion of might {unknown}
 j - 3 potions of agility {unknown}
 o - 3 potions of heal wounds {unknown}
 q - a potion of magic {unknown}
 r - 2 potions of curing {unknown}
 s - a potion of degeneration {unknown}
 z - a potion of poison {unknown}
 B - a potion of berserk rage {unknown}
Books
 d - a book of Debilitation

   Spells                             Type                      Level
   *Corona                            Hexes                        1
   *Slow                              Hexes                        2
   Inner Flame                        Hexes/Fire                   3
   Enslavement                        Hexes                        4
   Cause Fear                         Hexes                        4
   Leda's Liquefaction                Hexes/Earth                  4


   Skills:
 - Level 1.0 Fighting
 * Level 3.6 Bows
 - Level 1.7 Dodging
 + Level 2.0 Spellcasting
 + Level 3.4 Hexes


You had 4 spell levels left.
You knew the following spells:

 Your Spells              Type           Power        Failure   Level  Hunger
a - Corona                Hex            ##.....      10%         1    ##.....
b - Slow                  Hex            ##......     12%         2    ###....


Dungeon Overview and Level Annotations

Branches:
Dungeon (3/16)

Altars:

Portals:
Sewer: D:3

Annotations:
D:3 Sigmund


Innate Abilities, Weirdness & Mutations

You are partially covered in rugged brown scales (AC +1, +3% HP).
A weak demonic guardian rushes to your aid.


Message History

Your quasit closely misses Sigmund.
Sigmund casts a spell at you. The magic dart hits you!
Your quasit bites Sigmund but does no damage.
Your quasit claws Sigmund.
Your quasit closely misses Sigmund.
Firing (i - inventory):
c - 33 arrows (quivered)
Press: ? - help, Shift-Dir - straight line, f/p - Sigmund
Aim: Sigmund, wielding a scythe and wearing a robe (moderately wounded)
You shoot an arrow. The arrow hits Sigmund.
Sigmund is severely wounded.
Sigmund misses you.
Your quasit bites Sigmund.
Your quasit misses Sigmund.
Your quasit closely misses Sigmund.
Firing (i - inventory):
c - 32 arrows (quivered)
Press: ? - help, Shift-Dir - straight line, f/p - Sigmund
Aim: Sigmund, wielding a scythe and wearing a robe (severely wounded)
You shoot an arrow. The arrow misses Sigmund.
Your quasit misses Sigmund.
Your quasit claws Sigmund.
Your quasit barely misses Sigmund.
Sigmund hits you from afar with a scythe!
Ouch! That really hurt!
You die...

.................>..
.....................
......................
.(.....................
......................[.
.....5...........#######
.....@.(..########
#...(......#
#....≈≈≈@..###
#...≈≈≈≈≈....#
#...≈≈∩≈≈..#.#
#...≈≈≈≈≈..#.######
#....≈≈≈..........#
#.................#
#.................#
#.........>.......#
#.................#


You could see Sigmund and a friendly quasit.

Vanquished Creatures
  A gnoll (D:1)
  4 adders (D:2)
  A worm (D:2)
  3 giant geckos
  3 ball pythons
  2 giant cockroaches
  6 hobgoblins
  4 jackals (D:1)
  8 kobolds
  A quokka (D:2)
  8 bats
  2 giant newts
  8 goblins
  6 rats
57 creatures vanquished.

Notes
Turn   | Place    | Note
--------------------------------------------------------------
     0 | D:1      | GeneKelly, the Demonspawn Arcane Marksman, began the quest for the Orb.
     0 | D:1      | Reached XP level 1. HP: 15/15 MP: 2/2
   303 | D:1      | Gained mutation: You are partially covered in rugged brown scales (AC +1, +3% HP). [demonic ancestry]
   303 | D:1      | Reached XP level 2. HP: 15/21 MP: 3/3
   629 | D:1      | Learned a level 2 spell: Slow
   715 | D:1      | Reached XP level 3. HP: 23/26 MP: 4/4
  1278 | D:2      | Gained mutation: A weak demonic guardian rushes to your aid. [demonic ancestry]
  1278 | D:2      | Reached XP level 4. HP: 27/32 MP: 4/6
  1933 | D:3      | Found a glowing drain.
  1983 | D:3      | Noticed Sigmund
  1993 | D:3      | Slain by Sigmund

Action                   |  1- 3 |  4- 6 || total
-------------------------+-------+-------++-------
Melee: Dagger            |    36 |       ||    36
 Fire: Bow               |   103 |    67 ||   170
 Cast: Corona            |     6 |     1 ||     7
       Slow              |       |     5 ||     5
